Map: Avalon Labs

Players

NaMFaithless

  • Race: Protoss Protoss
  • League: Diamond

Besoffen

  • Race: Protoss Protoss

Faucon

  • Race: Protoss Protoss

IamDrizzt - Winner!

  • Race: Protoss Protoss
  • League: Diamond

MorN - Winner!

  • Race: Zerg Zerg
  • League: Platinum

Stella - Winner!

  • Race: Zerg Zerg

VOD

Have the link to the VOD?

Description

Time

  • Played on: Nov. 11, 2015, 7:49 p.m.
  • Length: 18:23
Show
View Real Time Build Order
Export as new Build Order

NaMFaithless Protoss 

Build Orders: Nexus First 

Get SALT Encoding   

  12  0:01  Probe (Chrono Boost)  
  13  0:12  Probe (Chrono Boost)  
  14  0:17  Pylon  
  14  0:22  Probe (Chrono Boost)  
  15  0:35  Probe (Chrono Boost)  
  16  0:46  Probe (Chrono Boost)  
  17  0:58  Nexus  
  17  1:01  Probe (Chrono Boost)  
  18  1:11  Gateway  
  18  1:15  Probe (Chrono Boost)  
  19  1:19  Assimilator  
  20  1:25  Probe (Chrono Boost)  
  20  1:28  Assimilator  
  20  1:36  Probe (Chrono Boost), Pylon  
  21  1:46  Probe (Chrono Boost)  
  22  1:57  Probe (Chrono Boost)  
  22  1:58  Cybernetics Core  
  23  2:07  Probe (Chrono Boost)  
  24  2:10  Probe (Chrono Boost)  
  25  2:18  Probe (Chrono Boost)  
  25  2:21  Probe (Chrono Boost)  
  27  2:29  Probe (Chrono Boost)  
  28  2:32  Probe (Chrono Boost)  
  28  2:35  Stalker, Warp Gate  
  31  2:39  Mothership Core (Chrono Boost)  
  33  2:48  Pylon  
  33  2:50  Probe (Chrono Boost)  
  34  2:56  Robotics Facility  
  34  2:58  Probe (Chrono Boost)  
  35  3:00  Probe (Chrono Boost)  
  36  3:07  Stalker  
  36  3:08  Probe (Chrono Boost)  
  36  3:11  Probe (Chrono Boost)  
  40  3:17  Assimilator  
  40  3:19  Probe (Chrono Boost)  
  41  3:21  Probe (Chrono Boost)  
  42  3:29  Probe (Chrono Boost), Assimilator  
  42  3:32  Probe (Chrono Boost)  
  44  3:37  Twilight Council  
  44  3:40  Probe (Chrono Boost)  
  45  3:42  Probe (Chrono Boost)  
  45  3:46  Observer  
  47  3:50  Probe (Chrono Boost)  
  47  3:52  Forge  
  47  3:53  Probe (Chrono Boost)  
  49  3:56  Gateway  
  49  4:01  Probe (Chrono Boost)  
  50  4:03  Probe (Chrono Boost)  
  50  4:07  Observer  
  52  4:15  Probe (Chrono Boost)  
  52  4:16  Blink  
  53  4:17  Probe (Chrono Boost)  
  54  4:33  Protoss Ground Weapons Level 1  
  54  4:36  Robotics Bay  
  54  4:44  Pylon  
  54  4:46  Pylon  
  54  4:48  Pylon  
  54  4:59  Pylon  
  54  5:01  Warp Prism  
  54  5:02  Probe x2 (Chrono Boost)  
  58  5:11  Gateway x2  
  58  5:13  Probe x2 (Chrono Boost)  
  60  5:14  Pylon  
  60  5:17  Pylon  
  59  5:34  Stalker  
  59  5:35  Stalker  
  61  5:38  Probe x2 (Chrono Boost)  
  63  5:43  Pylon  
  63  5:44  Disruptor (Chrono Boost)  
  63  5:45  Pylon  
  63  5:47  Pylon  
  66  5:51  Gateway  
  66  5:54  Pylon  
  66  5:58  Stalker  
  66  5:59  Stalker  
  70  6:16  Pylon  
  70  6:17  Pylon  
  70  6:18  Pylon  
  70  6:23  Pylon  
  70  6:33  Stalker x3  
  70  6:34  Stalker  
  70  6:37  Disruptor (Chrono Boost)  
  79  6:52  Nexus, Pylon, Protoss Ground Weapons Level 2 (Chrono Boost)  
  79  6:53  Pylon  
  79  6:55  Pylon  
  79  6:56  Pylon  
  79  6:58  Pylon  
  79  7:02  Stalker  
  79  7:03  Stalker  
  79  7:04  Stalker  
  79  7:05  Stalker  
  87  7:09  Disruptor (Chrono Boost)  
  90  7:25  Nexus  
  90  7:28  Gateway  
  90  7:29  Gateway  
  90  7:33  Stalker x3  
  96  7:40  Disruptor (Chrono Boost)  
  99  7:53  Stalker x2  
  103  8:00  Probe, Photon Cannon  
  103  8:01  Photon Cannon  
  103  8:03  Photon Cannon  
  104  8:13  Stalker x3  
  104  8:15  Disruptor (Chrono Boost)  
  104  8:16  Probe  
  104  8:17  Probe  
  115  8:29  Probe  
  116  8:37  Robotics Facility  
  116  8:38  Stalker  
  116  8:39  Stalker  
  120  8:41  Stalker  
  120  8:44  Probe, Disruptor (Chrono Boost)  
  126  9:08  Assimilator  
  126  9:11  Protoss Ground Weapons Level 3 (Chrono Boost)  
  126  9:13  Gateway, Assimilator  
  126  9:14  Gateway  
  126  9:15  Disruptor  
  126  9:17  Templar Archives  
  129  9:28  Nexus  
  129  9:30  Assimilator  
  129  9:35  Assimilator  
  129  9:43  Pylon  
  129  9:45  Pylon  
  129  9:48  Pylon  
  129  9:51  Disruptor  
  129  9:56  Disruptor  
  135  10:01  High Templar x2  
  135  10:02  High Templar x2  
  143  10:39  Stalker x7  
  143  11:42  Immortal  
  143  11:45  Stalker x4  
  143  11:46  Stalker x5  
  137  11:48  Immortal  
  143  12:06  Photon Cannon  
  143  12:08  High Templar, Photon Cannon  
  143  12:10  Photon Cannon  
  143  12:11  Photon Cannon, High Templar  
  147  12:16  Archon x2  
  147  12:18  Disruptor, Archon  
  147  12:26  Disruptor  
  147  12:28  Protoss Ground Armor Level 1 (Chrono Boost)  
  153  12:52  Stalker x9  
  171  13:03  Observer  
  172  13:06  Observer  
  156  13:27  Stalker x7  
  156  13:28  Stalker x2  
  156  13:30  Immortal  
  174  13:36  Immortal  
  182  13:53  Dark Shrine  
  182  13:55  Psionic Storm  
  182  13:59  High Templar x4  
  182  14:00  High Templar x2  
  194  14:03  Stalker x2  
  194  14:04  Stalker  
  196  14:28  Immortal  
  200  14:33  Archon  
  133  15:15  Stalker  
  133  15:16  Stalker x8  
  147  15:37  Gateway  
  147  15:39  Gateway  
  147  15:41  Gateway, Disruptor  
  147  15:45  Gateway  
  147  15:47  Disruptor  
  147  15:48  Gateway  
  153  16:06  Dark Templar x3  
  153  16:07  Dark Templar x5  
  153  16:08  Dark Templar  
  171  16:12  Archon x4  
  171  16:45  Stalker x4  
  171  16:46  Stalker x3  
Show
View Real Time Build Order
Export as new Build Order

Besoffen Protoss 

Build Orders: Colossus Rush 

Get SALT Encoding   

  12  0:01  Probe (Chrono Boost)  
  13  0:11  Probe (Chrono Boost)  
  14  0:19  Pylon  
  14  0:22  Probe (Chrono Boost)  
  15  0:37  Probe (Chrono Boost)  
  16  0:45  Gateway  
  16  0:48  Probe (Chrono Boost)  
  17  0:51  Assimilator  
  17  0:58  Probe (Chrono Boost)  
  18  1:09  Probe (Chrono Boost)  
  19  1:19  Probe (Chrono Boost)  
  19  1:21  Assimilator  
  20  1:30  Probe (Chrono Boost), Pylon  
  21  1:34  Cybernetics Core  
  21  1:41  Probe (Chrono Boost)  
  22  1:51  Probe (Chrono Boost)  
  23  2:02  Nexus  
  23  2:10  Pylon  
  23  2:13  Warp Gate (Chrono Boost)  
  23  2:19  Stalker (Chrono Boost)  
  25  2:24  Probe  
  26  2:36  Mothership Core  
  28  2:43  Gateway  
  28  2:49  Stalker (Chrono Boost)  
  30  2:57  Probe  
  31  3:11  Probe  
  32  3:18  Probe, Robotics Facility  
  33  3:29  Probe  
  33  3:30  Probe, Pylon  
  35  3:47  Adept  
  35  3:48  Probe  
  37  3:49  Probe, Pylon  
  37  3:51  Assimilator  
  39  3:55  Assimilator  
  39  3:59  Probe  
  39  4:00  Twilight Council  
  40  4:08  Probe  
  41  4:13  Observer  
  42  4:19  Probe  
  42  4:21  Probe  
  44  4:30  Robotics Bay  
  42  4:31  Zealot  
  42  4:36  Pylon  
  44  4:43  Immortal  
  44  4:48  Stalker  
  44  5:01  Pylon  
  44  5:05  Sentry, Forge  
  46  5:17  Resonating Glaives  
  46  5:25  Colossus (Chrono Boost)  
  52  5:29  Probe  
  52  5:31  Probe  
  33  6:14  Probe  
  33  6:15  Probe  
  35  6:23  Photon Cannon  
  35  6:28  Probe  
  36  6:33  Probe  
  36  6:34  Photon Cannon  
  36  6:35  Pylon  
  37  6:43  Probe  
  38  7:02  Probe, Pylon  
  39  7:26  Stalker  
  41  7:34  Stalker  
  43  7:49  Probe  
  43  7:50  Probe  
  45  7:59  Stalker  
  45  8:01  Probe (Chrono Boost)  
  45  8:02  Probe (Chrono Boost)  
  49  8:12  Probe (Chrono Boost)  
  50  8:15  Probe (Chrono Boost)  
  51  8:22  Probe (Chrono Boost)  
  51  8:25  Probe (Chrono Boost)  
  53  8:33  Probe (Chrono Boost)  
  54  8:34  Sentry  
  54  8:36  Probe (Chrono Boost)  
  57  8:43  Probe (Chrono Boost), Protoss Ground Weapons Level 1 (Chrono Boost)  
  57  8:46  Probe (Chrono Boost)  
  59  8:54  Probe (Chrono Boost)  
  60  8:56  Probe (Chrono Boost)  
  61  9:03  Templar Archives  
  61  9:07  Probe  
  61  9:08  Probe  
  63  9:18  Probe  
  63  9:20  Probe  
  63  9:22  Pylon  
  65  9:28  Probe  
  66  9:33  Pylon  
  66  9:39  Probe  
  66  9:40  Probe  
  66  9:41  Stargate  
  68  10:02  Nexus  
  68  10:06  Pylon  
  68  10:13  Psionic Storm, High Templar  
  67  10:35  Stalker  
  63  11:07  Phoenix  
  65  11:16  Probe  
  65  11:17  Nexus  
  66  11:20  Colossus  
  66  11:24  High Templar x2  
  76  11:25  Probe  
  76  11:28  Probe  
  76  11:32  Phoenix  
  80  11:35  Nexus  
  80  11:51  Extended Thermal Lance  
  77  12:07  Pylon  
  77  12:09  Pylon  
  77  12:11  Probe  
  77  12:13  Probe, Colossus  
  85  12:20  Pylon  
  85  12:21  Protoss Ground Weapons Level 2 (Chrono Boost)  
  85  12:22  Probe  
  85  12:25  Probe, Forge  
  85  12:27  Pylon  
  87  12:30  Blink  
  87  12:32  Probe  
  89  12:37  Probe  
  89  12:43  Probe  
  89  12:45  Probe  
  89  12:49  Probe  
  92  12:52  Zealot  
  92  12:53  Probe, Zealot  
  54  13:16  Colossus  
  54  13:19  Probe x2  
  59  13:20  Probe  
  62  13:28  Sentry x2  
  62  13:29  Probe x2  
  62  13:32  Probe  
  69  13:37  Pylon  
  69  13:40  Probe  
  69  13:44  Probe  
  71  13:52  Zealot  
  71  13:54  Sentry  
  71  13:55  Probe x2  
  75  13:56  Probe  
  78  14:04  Gateway  
  78  14:05  Gateway  
  78  14:06  Probe x2  
  78  14:09  Probe, Protoss Ground Armor Level 1 (Chrono Boost)  
  81  14:13  Colossus (Chrono Boost)  
  81  14:17  Sentry, Probe  
  87  14:18  Probe  
  87  14:21  Probe  
  92  14:35  Sentry  
  94  14:44  Void Ray  
  98  14:52  Stalker  
  100  15:09  Stalker x3  
  106  15:23  Stalker  
  106  15:27  Void Ray  
  112  15:30  Stalker  
  112  15:31  Stalker  
  112  15:32  Stalker  
  118  15:41  Nexus  
  118  15:45  Assimilator  
  118  15:48  Stalker  
  118  15:49  Assimilator  
  119  16:06  Stalker x3  
  119  16:09  Void Ray  
  118  16:35  Pylon  
  118  16:37  Pylon  
  118  16:39  Pylon  
  118  16:51  Assimilator  
  118  16:53  Pylon, Assimilator  
  105  16:57  Nexus  
  73  17:15  Stalker x2  
  52  17:16  Stalker x2  
Show
View Real Time Build Order
Export as new Build Order

Faucon Protoss 

Build Orders:  

Get SALT Encoding   

  12  0:06  Probe (Chrono Boost)  
  13  0:19  Pylon  
  13  0:20  Probe (Chrono Boost)  
  14  0:30  Probe (Chrono Boost)  
  15  0:41  Probe (Chrono Boost)  
  16  0:47  Gateway  
  16  0:51  Probe (Chrono Boost)  
  17  1:01  Assimilator  
  17  1:05  Assimilator  
  17  1:15  Gateway  
  17  1:16  Pylon  
  17  1:26  Probe (Chrono Boost)  
  18  1:34  Zealot  
  18  1:36  Probe (Chrono Boost)  
  21  1:43  Cybernetics Core  
  21  1:52  Probe (Chrono Boost)  
  24  2:01  Zealot  
  24  2:03  Probe (Chrono Boost)  
  24  2:04  Pylon  
  25  2:13  Probe (Chrono Boost)  
  26  2:16  Zealot  
  28  2:24  Probe (Chrono Boost)  
  29  2:33  Warp Gate  
  29  2:34  Probe (Chrono Boost)  
  30  2:45  Mothership Core (Chrono Boost)  
  32  2:59  Stalker  
  32  3:01  Nexus  
  34  3:11  Stalker  
  36  3:22  Forge  
  36  3:38  Probe (Chrono Boost)  
  37  3:48  Probe (Chrono Boost)  
  38  3:59  Probe (Chrono Boost)  
  38  4:00  Pylon  
  39  4:03  Pylon  
  39  4:09  Photon Cannon  
  39  4:13  Probe (Chrono Boost)  
  39  4:14  Photon Cannon  
  40  4:17  Probe (Chrono Boost)  
  41  4:24  Stargate  
  41  4:52  Stalker  
  43  5:02  Stargate  
  43  5:05  Probe (Chrono Boost)  
  44  5:10  Assimilator  
  44  5:14  Assimilator  
  44  5:15  Probe (Chrono Boost)  
  44  5:18  Pylon  
  44  5:20  Phoenix  
  47  5:26  Probe (Chrono Boost)  
  47  5:27  Zealot x2  
  44  5:36  Probe (Chrono Boost)  
  45  5:45  Phoenix  
  45  5:48  Void Ray  
  51  6:10  Phoenix  
  53  6:25  Stalker  
  53  6:30  Void Ray  
  59  6:35  Phoenix  
  61  6:41  Probe (Chrono Boost)  
  62  6:52  Probe (Chrono Boost)  
  63  7:00  Phoenix  
  65  7:02  Zealot  
  65  7:03  Probe (Chrono Boost), Zealot  
  65  7:05  Protoss Shields Level 1  
  65  7:06  Protoss Air Weapons Level 1  
  70  7:16  Nexus  
  70  7:18  Pylon  
  70  7:20  Pylon  
  70  7:22  Pylon  
  70  7:32  Phoenix  
  70  7:33  Phoenix  
  72  7:43  Photon Cannon  
  67  7:45  Photon Cannon  
  67  7:48  Probe (Chrono Boost)  
  67  7:51  Probe (Chrono Boost)  
  69  7:59  Probe (Chrono Boost)  
  69  8:01  Probe (Chrono Boost)  
  71  8:06  Photon Cannon  
  71  8:09  Probe (Chrono Boost), Photon Cannon  
  71  8:12  Probe (Chrono Boost)  
  73  8:20  Probe (Chrono Boost)  
  74  8:29  Probe (Chrono Boost), Fleet Beacon  
  75  8:39  Probe (Chrono Boost)  
  76  8:48  Phoenix x2  
  80  8:50  Probe (Chrono Boost)  
  81  9:00  Probe (Chrono Boost), Protoss Air Armor Level 1  
  82  9:11  Probe (Chrono Boost)  
  89  9:20  Zealot x2  
  89  9:21  Probe (Chrono Boost)  
  94  9:29  Anion Pulse-Crystals  
  94  9:33  Probe (Chrono Boost)  
  95  9:43  Probe (Chrono Boost)  
  96  9:54  Probe (Chrono Boost)  
  97  10:00  Assimilator  
  97  10:01  Carrier  
  97  10:04  Assimilator  
  97  10:07  Carrier  
  105  10:49  Probe (Chrono Boost)  
  106  10:59  Graviton Catapult  
  106  11:00  Probe (Chrono Boost)  
  107  11:10  Probe (Chrono Boost)  
  108  11:15  Protoss Air Weapons Level 2 (Chrono Boost)  
  108  11:16  Protoss Ground Weapons Level 1  
  108  11:21  Probe (Chrono Boost)  
  107  11:27  Carrier  
  113  11:39  Carrier  
  117  11:43  Stalker  
  117  12:00  Probe (Chrono Boost)  
  116  12:10  Probe (Chrono Boost), Pylon  
  116  12:14  Pylon  
  117  12:16  Pylon  
  117  12:22  Nexus  
  117  12:25  Pylon  
  117  12:27  Pylon  
  117  12:28  Probe (Chrono Boost), Pylon  
  118  12:42  Probe  
  119  12:53  Phoenix  
  119  12:54  Probe  
  122  13:05  Phoenix  
  124  13:07  Probe  
  124  13:09  Twilight Council  
  113  13:17  Void Ray  
  111  13:30  Void Ray  
  115  13:52  Protoss Shields Level 2  
  115  13:56  Protoss Air Armor Level 2 (Chrono Boost)  
  115  13:59  Probe  
  115  14:00  Tempest  
  120  14:05  Photon Cannon  
  120  14:07  Photon Cannon x2  
  120  14:10  Probe  
  120  14:13  Tempest  
  125  14:20  Probe  
  126  14:41  Stargate  
  126  14:42  Stargate  
  126  14:43  Phoenix  
  128  14:56  Phoenix  
  62  15:19  Void Ray (Chrono Boost)  
  70  15:23  Void Ray (Chrono Boost)  
  70  15:29  Mothership Core  
  72  15:36  Assimilator  
  72  15:40  Assimilator  
  80  15:44  Tempest x2 (Chrono Boost)  
  80  16:01  Void Ray (Chrono Boost)  
  88  16:10  Void Ray (Chrono Boost)  
  92  16:25  Phoenix (Chrono Boost)  
  92  16:26  Phoenix (Chrono Boost)  
  92  16:38  Void Ray (Chrono Boost)  
  100  16:53  Tempest x2 (Chrono Boost)  
Show
View Real Time Build Order
Export as new Build Order

IamDrizzt Protoss - Winner!

Build Orders: Oracle Opening 

Get SALT Encoding   

  12  0:07  Probe (Chrono Boost)  
  13  0:17  Probe (Chrono Boost)  
  14  0:21  Pylon  
  14  0:28  Probe (Chrono Boost)  
  15  0:40  Probe (Chrono Boost)  
  16  0:50  Probe (Chrono Boost)  
  17  1:01  Probe (Chrono Boost)  
  19  1:11  Probe (Chrono Boost)  
  19  1:12  Nexus  
  19  1:20  Gateway  
  19  1:26  Probe (Chrono Boost)  
  19  1:28  Assimilator  
  19  1:31  Assimilator  
  20  1:36  Probe (Chrono Boost)  
  21  1:47  Probe (Chrono Boost)  
  22  1:58  Probe (Chrono Boost)  
  23  2:10  Pylon  
  23  2:12  Cybernetics Core  
  23  2:24  Probe (Chrono Boost)  
  23  2:28  Probe (Chrono Boost)  
  25  2:35  Probe (Chrono Boost)  
  26  2:37  Forge  
  26  2:38  Probe (Chrono Boost)  
  27  2:45  Probe (Chrono Boost)  
  27  2:49  Twilight Council, Probe (Chrono Boost)  
  29  2:53  Stargate  
  29  2:56  Probe (Chrono Boost)  
  30  2:59  Probe (Chrono Boost)  
  30  3:05  Stargate  
  31  3:06  Probe (Chrono Boost), Assimilator  
  31  3:10  Probe (Chrono Boost)  
  33  3:17  Mothership Core (Chrono Boost)  
  33  3:19  Photon Cannon  
  35  3:21  Probe (Chrono Boost)  
  36  3:32  Probe (Chrono Boost)  
  37  3:35  Probe (Chrono Boost)  
  38  3:42  Probe (Chrono Boost)  
  38  3:46  Probe (Chrono Boost), Assimilator  
  40  3:49  Oracle (Chrono Boost)  
  40  3:53  Probe (Chrono Boost)  
  44  3:57  Probe (Chrono Boost)  
  45  4:04  Probe  
  45  4:05  Pylon  
  46  4:16  Pylon  
  46  4:21  Pylon  
  46  4:23  Probe x2, Oracle (Chrono Boost)  
  54  4:24  Pylon, Oracle (Chrono Boost)  
  54  4:34  Pylon  
  54  4:35  Probe x2  
  56  4:47  Probe x2  
  58  4:54  Oracle (Chrono Boost)  
  58  4:55  Oracle (Chrono Boost)  
  58  4:59  Probe x2  
  63  5:04  Pylon  
  63  5:11  Probe x2  
  65  5:14  Photon Cannon  
  65  5:16  Pylon  
  65  5:23  Probe  
  65  5:25  Oracle (Chrono Boost)  
  65  5:27  Pylon  
  69  5:31  Nexus  
  69  5:36  Stargate  
  69  5:37  Phoenix (Chrono Boost)  
  71  6:07  Phoenix x2 (Chrono Boost)  
  75  6:15  Probe x2  
  77  6:18  Pylon  
  77  6:22  Pylon  
  77  6:27  Probe x2, Phoenix x2 (Chrono Boost)  
  77  6:30  Pylon, Phoenix (Chrono Boost)  
  77  6:32  Pylon  
  85  6:39  Probe (Chrono Boost)  
  87  6:40  Probe (Chrono Boost)  
  87  6:45  Photon Cannon  
  87  6:46  Probe (Chrono Boost), Phoenix (Chrono Boost)  
  88  6:47  Photon Cannon  
  88  6:49  Photon Cannon  
  88  6:51  Probe (Chrono Boost), Protoss Air Weapons Level 1 (Chrono Boost)  
  88  6:53  Probe (Chrono Boost)  
  92  6:56  Probe (Chrono Boost)  
  92  6:57  Fleet Beacon  
  94  7:01  Probe (Chrono Boost)  
  94  7:05  Probe (Chrono Boost)  
  94  7:07  Probe (Chrono Boost)  
  96  7:09  Assimilator  
  96  7:10  Assimilator  
  96  7:12  Probe (Chrono Boost)  
  98  7:17  Probe (Chrono Boost)  
  98  7:18  Probe (Chrono Boost)  
  98  7:22  Probe (Chrono Boost)  
  100  7:26  Phoenix  
  100  7:28  Probe (Chrono Boost)  
  100  7:29  Probe (Chrono Boost)  
  102  7:30  Phoenix x2  
  102  7:32  Pylon  
  102  7:33  Probe (Chrono Boost)  
  109  7:38  Probe (Chrono Boost)  
  109  7:40  Probe (Chrono Boost)  
  109  7:43  Probe (Chrono Boost)  
  110  7:48  Phoenix  
  110  7:49  Anion Pulse-Crystals  
  108  7:52  Nexus  
  108  7:54  Pylon  
  108  7:55  Phoenix  
  108  7:56  Pylon  
  112  8:01  Phoenix  
  112  8:03  Probe  
  112  8:05  Probe x2  
  117  8:09  Assimilator  
  117  8:10  Phoenix  
  117  8:14  Assimilator  
  117  8:19  Oracle  
  119  8:24  Protoss Ground Weapons Level 1  
  122  8:29  Twilight Council, Pylon  
  122  8:30  Phoenix  
  122  8:31  Pylon  
  124  8:50  Pylon  
  124  8:58  Stargate  
  124  9:02  Stargate  
  127  9:13  Gateway  
  127  9:15  Charge (Chrono Boost)  
  127  9:16  Gateway  
  130  9:19  Gateway  
  130  9:21  Gateway  
  130  9:24  Carrier (Chrono Boost)  
  130  9:29  Carrier x2 (Chrono Boost)  
  142  9:37  Pylon  
  142  9:39  Stargate  
  142  9:41  Protoss Air Weapons Level 2 (Chrono Boost)  
  142  9:42  Stargate  
  142  9:54  Photon Cannon  
  142  9:57  Photon Cannon  
  142  10:08  Pylon  
  142  10:11  Nexus  
  142  10:12  Protoss Ground Weapons Level 2 (Chrono Boost)  
  142  10:15  Pylon  
  142  10:19  Pylon  
  142  10:21  Pylon  
  140  10:45  Carrier (Chrono Boost)  
  140  10:49  Carrier (Chrono Boost)  
  160  10:50  Carrier (Chrono Boost)  
  160  10:58  Cybernetics Core, Carrier (Chrono Boost)  
  160  11:00  Probe x2  
  160  11:01  Probe  
  160  11:02  Photon Cannon  
  153  11:05  Photon Cannon  
  153  11:07  Photon Cannon  
  153  11:10  Photon Cannon  
  153  11:12  Probe  
  148  11:23  Gateway  
  148  11:25  Probe  
  145  11:27  Gateway  
  145  11:29  Gateway  
  145  11:35  Warp Gate  
  145  11:36  Carrier (Chrono Boost)  
  151  11:49  Robotics Facility  
  151  11:57  Carrier (Chrono Boost)  
  151  12:01  Oracle x2 (Chrono Boost)  
  157  12:03  Graviton Catapult  
  163  12:12  Carrier (Chrono Boost)  
  166  12:22  Nexus, Protoss Air Weapons Level 3  
  166  12:31  Carrier (Chrono Boost), Assimilator  
  166  12:32  Assimilator  
  166  12:36  Carrier (Chrono Boost)  
  178  12:44  Carrier (Chrono Boost)  
  178  12:48  Protoss Ground Weapons Level 3 (Chrono Boost)  
  178  12:53  Observer  
  185  13:07  Pylon  
  185  13:09  Assimilator  
  185  13:13  Assimilator  
  185  13:15  Observer, Protoss Air Armor Level 1  
  185  13:19  Carrier  
  192  13:36  Observer, Carrier  
  199  13:56  Photon Cannon  
  199  13:57  Observer  
  199  13:58  Photon Cannon  
  199  14:02  Photon Cannon  
  200  14:03  Photon Cannon  
  200  14:06  Photon Cannon  
  200  14:09  Photon Cannon  
  200  14:11  Photon Cannon  
  200  14:12  Pylon  
  200  14:15  Gateway  
  200  14:18  Gateway  
  200  14:28  Gateway  
  200  14:32  Gateway  
  200  14:33  Gateway  
  188  15:13  Protoss Air Armor Level 2  
  188  15:22  Carrier x2  
  200  15:34  Protoss Ground Armor Level 1 (Chrono Boost)  
  194  15:57  Pylon  
  194  16:00  Pylon  
  194  16:40  Nexus  
  194  16:42  Pylon  
  194  16:44  Pylon  
  194  16:47  Pylon  
  194  16:58  Templar Archives, Nexus  
  194  17:04  Nexus  
  194  17:12  Pylon  
  194  17:13  Pylon  
  194  17:15  Pylon  
  194  17:17  Pylon  
  200  17:36  Photon Cannon  
  200  17:37  Photon Cannon  
  200  17:39  Photon Cannon  
  200  17:40  Photon Cannon  
  200  17:43  Photon Cannon  
  200  17:44  Photon Cannon  
  200  17:47  Photon Cannon  
  200  17:48  Robotics Facility  
  200  17:49  Robotics Facility, Photon Cannon  
  200  17:51  Photon Cannon, Robotics Facility  
  200  17:52  Robotics Facility  
  200  17:55  Pylon, Robotics Facility  
  200  17:57  Pylon, Robotics Bay  
  200  17:59  Pylon  
Show
View Real Time Build Order
Export as new Build Order

MorN Zerg - Winner!

Build Orders: Hatch First, Lurkers 

Get SALT Encoding   

  12  0:03  Drone  
  13  0:18  Drone  
  13  0:19  Overlord  
  14  0:37  Drone x2  
  16  0:51  Hatchery  
  15  0:58  Drone  
  16  1:09  Spawning Pool  
  15  1:14  Drone  
  16  1:18  Drone  
  16  1:20  Drone  
  18  1:27  Drone  
  19  1:34  Extractor  
  19  1:36  Drone  
  19  1:47  Overlord  
  19  1:56  Queen  
  19  2:00  Extractor  
  20  2:03  Queen  
  20  2:07  Drone x2  
  25  2:20  Drone x3  
  28  2:27  Drone  
  29  2:42  Metabolic Boost  
  29  2:45  Drone x3  
  32  3:08  Baneling Nest  
  32  3:09  Overlord x3  
  31  3:28  Drone  
  31  3:30  Zergling x14  
  39  3:47  Drone  
  39  3:48  Zergling x12  
  46  3:56  Overlord  
  46  4:10  Drone  
  46  4:11  Drone x5  
  52  4:19  Zergling x8  
  54  4:33  Zergling x4  
  54  4:42  Baneling  
  54  4:43  Baneling x5  
  54  4:51  Zergling x2  
  54  4:52  Zergling x10  
  60  4:54  Hatchery, Overlord x2  
  59  5:12  Zergling x2  
  59  5:13  Zergling x10  
  55  5:31  Zergling x2  
  55  5:32  Zergling x10  
  48  6:00  Roach Warren  
  46  6:24  Drone x11  
  46  6:25  Drone  
  58  6:27  Extractor  
  58  6:31  Extractor  
  58  6:32  Lair, Extractor  
  55  6:46  Queen  
  57  6:48  Spore Crawler  
  57  6:53  Drone x2  
  57  6:54  Drone  
  59  6:55  Drone x2  
  61  7:03  Drone x3  
  61  7:05  Drone  
  61  7:06  Drone x4, Queen  
  71  7:18  Hatchery  
  71  7:20  Evolution Chamber, Drone x4  
  71  7:21  Evolution Chamber, Queen  
  74  7:23  Hatchery  
  74  7:29  Glial Reconstitution  
  73  7:38  Hydralisk Den  
  72  7:54  Zerg Missile Weapons Level 1, Zerg Ground Armor Level 1  
  72  8:04  Drone x10, Extractor  
  72  8:05  Drone  
  81  8:06  Overlord, Extractor  
  81  8:07  Overlord x2  
  72  8:17  Muscular Augments  
  72  8:32  Roach x13  
  72  8:33  Roach x5  
  108  8:38  Overlord  
  108  8:45  Drone x4  
  112  8:49  Tunneling Claws  
  112  9:00  Extractor  
  112  9:01  Drone x4  
  112  9:02  Drone, Roach, Extractor  
  117  9:05  Overlord x2  
  117  9:06  Overlord x4  
  117  9:11  Centrifical Hooks  
  117  9:22  Drone  
  118  9:24  Drone x2  
  118  9:30  Lurker Den  
  120  9:32  Roach x6  
  120  9:33  Roach x9  
  150  9:45  Lair  
  150  9:47  Hydralisk  
  150  9:48  Hydralisk x4  
  160  9:58  Zerg Ground Armor Level 2, Zerg Missile Weapons Level 2  
  160  10:04  Queen  
  160  10:06  Overlord x3  
  136  10:36  Hydralisk x4  
  136  10:37  Hydralisk x9  
  162  11:03  Hydralisk x12  
  178  11:06  Overlord  
  186  11:13  Lurker x4  
  190  11:25  Lurker  
  191  11:28  Hydralisk  
  191  11:29  Hydralisk x7  
  191  11:30  Hydralisk  
  179  11:40  Hydralisk x2, Roach x3  
  179  11:45  Overseer  
  179  11:46  Overseer x2  
  138  12:13  Infestation Pit  
  137  12:21  Hydralisk x7  
  137  12:22  Hydralisk x7  
  165  12:42  Roach x4  
  173  12:56  Pneumatized Carapace  
  163  13:06  Hydralisk  
  163  13:07  Hydralisk x8  
  163  13:08  Hydralisk  
  136  13:23  Hydralisk x5  
  136  13:24  Hydralisk x8  
  149  13:28  Overseer  
  149  13:29  Overseer  
  149  13:41  Hive  
  149  13:55  Hydralisk x8  
  165  14:06  Lurker  
  165  14:08  Overlord x2  
  165  14:09  Overlord x4  
  121  14:21  Hydralisk  
  121  14:22  Hydralisk x6  
  131  14:38  Hydralisk  
  131  14:39  Hydralisk x6  
  145  14:56  Hydralisk  
  145  14:57  Hydralisk x6  
  139  15:07  Viper  
  139  15:09  Hydralisk  
  139  15:10  Hydralisk x3  
  146  15:25  Zerg Missile Weapons Level 3  
  146  15:33  Hydralisk  
  146  15:34  Hydralisk x4  
  156  15:45  Hydralisk x3  
  156  15:48  Hydralisk x2  
  166  15:51  Extractor  
  166  15:53  Extractor  
  166  15:56  Hydralisk x2  
  168  16:22  Viper  
  171  16:26  Hydralisk x2  
  171  16:27  Hydralisk x2  
  177  16:39  Hydralisk  
  177  16:40  Hydralisk x5  
  143  17:14  Spore Crawler  
  120  17:16  Spore Crawler  
  120  17:18  Spore Crawler x3  
  120  17:20  Hydralisk x3  
  120  17:21  Hydralisk x3  
  104  17:50  Hydralisk  
  104  17:51  Hydralisk x3  
  106  17:56  Hatchery  
Show
View Real Time Build Order
Export as new Build Order

Stella Zerg - Winner!

Build Orders: Pool First 

Get SALT Encoding   

  12  0:16  Drone  
  12  0:17  Drone  
  14  0:33  Overlord  
  14  0:35  Overlord  
  14  0:49  Extractor  
  13  0:51  Drone  
  13  0:52  Drone  
  15  1:03  Drone  
  16  1:32  Drone x2  
  18  1:33  Drone  
  18  1:34  Spawning Pool  
  18  1:46  Drone  
  19  2:05  Drone x2  
  21  2:09  Hatchery  
  20  2:19  Drone  
  20  2:21  Queen  
  23  2:26  Metabolic Boost  
  23  2:37  Extractor  
  23  2:39  Drone  
  23  2:40  Drone  
  24  3:06  Roach Warren  
  24  3:11  Drone x3  
  26  3:24  Queen  
  26  3:26  Queen  
  28  3:30  Drone x2  
  32  3:42  Drone  
  32  3:43  Drone  
  32  3:47  Drone x2  
  36  4:39  Overlord x2  
  36  4:40  Overlord x3  
  36  5:10  Drone x2  
  36  5:11  Drone x3  
  41  5:25  Evolution Chamber  
  41  5:27  Evolution Chamber  
  39  5:34  Roach x4  
  47  5:42  Lair  
  47  6:17  Roach x6  
  59  6:22  Zerg Missile Weapons Level 1  
  59  6:25  Zerg Ground Armor Level 1  
  59  6:42  Drone x4  
  63  7:07  Queen  
  65  7:11  Roach x4  
  73  7:31  Glial Reconstitution  
  73  7:35  Roach  
  75  7:38  Overlord x3  
  75  7:39  Overlord  
  75  7:40  Overlord  
  75  8:23  Roach  
  75  8:24  Roach x5  
  87  8:44  Zerg Missile Weapons Level 2  
  87  8:46  Zerg Ground Armor Level 2  
  87  9:02  Roach x5  
  99  9:03  Roach  
  99  9:55  Roach x6  
  111  10:16  Drone  
  112  10:23  Roach x2  
  116  10:54  Overlord x4  
  116  10:55  Overlord x2  
  64  11:51  Roach x6  
  58  12:13  Roach  
  58  12:14  Roach  
  62  12:41  Hatchery  
  61  12:50  Hatchery  
  60  12:57  Extractor  
  59  13:01  Extractor  
  58  14:01  Roach x12  
  82  14:13  Roach x3  
  88  14:38  Roach  
  88  14:39  Roach x13  
  70  15:14  Roach  
  70  15:15  Roach x11  
  94  15:30  Extractor  
  94  15:33  Extractor  
  92  15:38  Roach x4  
  92  15:39  Roach x4  
  108  16:02  Roach  
  108  16:03  Roach x7  
  66  17:51  Roach x12  
Tags
 
Add a new tag
Caveats
  • Supply blocks, unpowered buildings, or Contaminate may cause inaccurate times.
  • Supply counts are checked every 10 seconds.